 Dungeon Crawl Stone Soup version 0.20.1-1-g8b1a95d66d (webtiles) character file.

263 krawu420 the Covered (level 5, -3/48 HPs)
             Began as a Minotaur Fighter on Dec 10, 2017.
             Slain by an orc
             ... wielding a +0 trident
              (6 damage)
             ... on level 4 of the Dungeon.
             The game lasted 00:38:24 (2104 turns).

krawu420 the Covered (Minotaur Fighter)             Turns: 2104, Time: 00:38:31

Health: -3/48      AC:  7    Str: 21    XL:     5   Next: 98%
Magic:  4/4        EV:  7    Int:  5    God:
Gold:   143        SH:  9    Dex: 10    Spells: 4/4 levels left

rFire    . . .     SeeInvis .   a - +0 war axe
rCold    . . .     Gourm    .   c - +0 shield
rNeg     . . .     Faith    .   b - +0 scale mail
rPois    .         Spirit   .   (helmet restricted)
rElec    .         Reflect  .   (no cloak)
rCorr    .         Harm     .   (no gloves)
MR       .....                  (no boots)
Stlth    ..........             (no amulet)
Regen    0.2/turn               (no ring)
MPRegen  0.1/turn               (no ring)

@: no status effects
A: retaliatory headbutt, horns 2
a: no special abilities


You were on level 4 of the Dungeon.
You were full.

You visited 1 branch of the dungeon, and saw 4 of its levels.

You collected 143 gold pieces.

Inventory:

Hand Weapons
 a - a +0 war axe (weapon)
 e - a +0 dagger
 i - a +0 dagger
 k - a +0 dagger
 l - a +0 dagger
 o - a +0 hand axe
 s - a +0 short sword
 u - a +0 mace
 v - a +0 club
 y - a +0 hunting sling
 z - a +0 club
 G - a +0 blowgun
 H - a +0 short sword
 K - a +0 hand axe
Missiles
 r - 118 stones (quivered)
 I - 14 poisoned needles
Armour
 b - a +0 scale mail (worn)
 c - a +0 shield (worn)
 g - a scarf of repulsion
 x - a +1 helmet
 L - a +0 ring mail
Scrolls
 h - a scroll of enchant armour {unknown}
 j - a scroll of immolation {unknown}
 m - 2 scrolls of magic mapping {unknown}
 n - 2 scrolls of fog {unknown}
 w - 2 scrolls of enchant weapon {unknown}
 A - a scroll of fear {unknown}
 B - a scroll of blinking {unknown}
 C - 2 scrolls of identify {unknown}
 E - 3 scrolls of remove curse {unknown}
 F - a scroll of amnesia {unknown}
 J - a scroll of teleportation {unknown}
Potions
 d - a potion of might
 p - a potion of curing {unknown}
 q - a potion of flight {unknown}
 t - a potion of invisibility {unknown}
 D - a potion of resistance {unknown}
 M - a potion of agility {unknown}
 N - a potion of heal wounds {unknown}


   Skills:
 * Level 5.2 Fighting
 * Level 4.7 Axes
 * Level 5.6 Armour
 - Level 3.9 Shields


You had 4 spell levels left.
You didn't know any spells.

Dungeon Overview and Level Annotations

Branches:
Dungeon (4/15)
 Temple: D:4-7

Altars:
Fedhas
Qazlal
Ru
Sif Muna
Yredelemnul


Innate Abilities, Weirdness & Mutations

You reflexively headbutt those who attack you in melee.
You have a pair of horns on your head.


Message History

* * * LOW HITPOINT WARNING * * *
The orc wizard gestures wildly while chanting.
The orc wizard seems to speed up.
The orc completely misses you.
The worker ant bites you but does no damage.
You hit the worker ant but do no damage.
The worker ant is moderately wounded.
You block the worker ant's attack. You block the orc's attack.
You barely miss the worker ant.
You headbutt the worker ant, but do no damage.
The worker ant is moderately wounded.
The worker ant bites you.
* * * LOW HITPOINT WARNING * * *
You block the orc's attack. You block the worker ant's attack.
You closely miss the worker ant.
The worker ant is moderately wounded.
The orc hits you but does no damage.
The worker ant bites you but does no damage.
You block the orc wizard's attack.
The orc hits you from afar with a trident.
You die...

... ....... .#
... .......
..# #..
.......
.....#.o.
o...... #...
... ..a....
##..##.. ....#
....#.###...#
##..#a@oo..#
#....###..###
##...........
##...####..###
#...## .#.#
##.### ##.#
###.## #
##..## ##..##


You could see 2 worker ants, an orc wizard and an orc.

Vanquished Creatures
  An ogre (D:4)
  Natasha (thrice) (D:3)
  4 adders
  2 worms
  4 orcs
  7 bats
  2 giant cockroaches
  5 goblins
  4 hobgoblins
  9 jackals
  A quokka (D:3)
  3 frilled lizards
  8 kobolds
  8 rats
61 creatures vanquished.

Notes
Turn   | Place    | Note
-------+----------+-------------------------------------------
     0 | D:1      | krawu420 the Minotaur Fighter began the quest for the Orb.
     0 | D:1      | Reached XP level 1. HP: 19/19 MP: 0/0
   196 | D:1      | Reached XP level 2. HP: 19/27 MP: 1/1
   695 | D:2      | Reached XP level 3. HP: 30/33 MP: 2/2
  1058 | D:2      | Found a blossoming altar of Fedhas.
  1076 | D:2      | Found a sacrificial altar of Ru.
  1153 | D:2      | Found a deep blue altar of Sif Muna.
  1357 | D:3      | Reached XP level 4. HP: 26/40 MP: 3/3
  1553 | D:3      | Found a stormy altar of Qazlal.
  1554 | D:3      | Found a basalt altar of Yredelemnul.
  1589 | D:3      | Noticed Natasha
  1600 | D:3      | Killed Natasha
  1672 | D:3      | Noticed Natasha
  1686 | D:3      | Killed Natasha
  1686 | D:3      | Reached skill level 5 in Armour
  1686 | D:3      | Reached XP level 5. HP: 22/47 MP: 4/4
  1928 | D:3      | Noticed Natasha
  1932 | D:3      | Killed Natasha
  2080 | D:4      | Noticed an ogre
  2095 | D:4      | Killed an ogre
  2095 | D:4      | Reached skill level 5 in Fighting
  2104 | D:4      | Slain by an orc

Skill      XL: |  1  2  3  4  5 |
---------------+----------------+-----
Armour         | 4 5 |  5.6
Axes           | 3 4 |  4.7
Fighting       | 4 5 |  5.2
Shields        | |  3.9

Action                   |  1- 3 |  4- 6 || total
-------------------------+-------+-------++-------
Melee: War axe           |    95 |    54 ||   149
       Headbutt          |    14 |     8 ||    22
  Use: Potion            |       |     1 ||     1
  Eat: Bread ration      |     1 |     1 ||     2
Armor: Scale mail        |    37 |    22 ||    59
Dodge: Dodged            |    27 |    22 ||    49
Block: Shield            |    40 |    35 ||    75
